 Dungeon Crawl Stone Soup version 0.31-a0-233-g139696dc86 (webtiles) character file.

Game seed: 10558503285518001985

122 qw the Shooter (level 4, -14/36 HPs)
             Began as a Minotaur Hexslinger on July 8, 2023.
             Demolished by an ogre
             ... wielding a +0 giant spiked club
              (22 damage)
             ... on level 3 of the Dungeon.
             The game lasted 00:00:44 (1753 turns).

qw the Shooter (Minotaur Hexslinger)                Turns: 1753, Time: 00:00:44

Health: -14/36     AC:  5    Str: 12    XL:     4   Next: 78%
Magic:  4/4        EV: 11    Int: 10    God:
Gold:   120        SH:  0    Dex: 15    Spells: 4/5 levels left

rFire   . . .        Y - +1 sling
rCold   . . .        (no shield)
rNeg    . . .        e - +0 ring mail
rPois   .            (helmet restricted)
rElec   .            (no cloak)
rCorr   .            (no gloves)
SInv    +            (no boots)
Will    .....        b - amulet of the acrobat
Stlth   +            d - ring of see invisible
HPRegen 0.26/turn    (no ring)
MPRegen 0.09/turn

%: acrobat
@: no status effects
A: horns 2, retaliatory headbutt
a: no special abilities


You were on level 3 of the Dungeon.
You visited 1 branch of the dungeon, and saw 3 of its levels.

You collected 120 gold pieces.


Innate Abilities, Weirdness & Mutations

You have a pair of horns on your head.
You reflexively headbutt those who attack you in melee.


   Skills:
 + Level 2.1 Fighting
 - Level 5.1 Ranged Weapons
 - Level 1.0 Armour
 - Level 2.1 Dodging
 - Level 1.0 Spellcasting
 - Level 2.0 Hexes


You had 4 spell levels left.
You knew the following spells:

 Your Spells              Type           Power      Damage    Failure   Level
a - Slow                  Hex            16%        N/A       34%         1

Your spell library contained the following spells:

 Spells                   Type           Power      Damage    Failure   Level
 Inner Flame              Hex/Fire       2%         N/A       83%         3
 Portal Projectile        Hex/Tloc       4%         N/A       83%         3
 Cause Fear               Hex            2%         N/A       98%         4

Inventory:

Hand Weapons
 Y - a +1 sling (weapon)
Armour
 e - a +0 ring mail (worn)
Jewellery
 a - a +6 ring of strength
 b - an amulet of the acrobat (around neck)
 d - a ring of see invisible (left hand)
 h - a ring of fire
Potions
 c - a potion of haste {unknown}
 f - a potion of enlightenment {unknown}
 g - a potion of heal wounds {unknown}
 i - a potion of invisibility {unknown}
 l - a potion of resistance {unknown}
 m - a potion of brilliance {unknown}

Dungeon Overview and Level Annotations

Branches:
Dungeon (3/15)

Altars:
Cheibriados
Fedhas
Uskayaw
Yredelemnul


Message History

Found a short sword.
Enter note:
Enter note:
Found 8 stones.
Enter note:
Enter note: A rat comes into view.
Enter note:
Enter note:
Enter note:
Enter note: You shoot a sling bullet.
The sling bullet closely misses the rat.
You shoot a sling bullet. The sling bullet hits the rat.
You kill the rat!
Found a book of Party Tricks.
Enter note:
Enter note:
Enter note:
Enter note: An ogre comes into view. It is wielding a +0 giant spiked club.
The ogre shouts!
Enter note:
Enter note:
Enter note:
Enter note: You shoot a sling bullet.
The sling bullet hits the ogre.
The ogre is lightly wounded.
You shoot a sling bullet. The sling bullet hits the ogre.
The ogre is moderately wounded.
The ogre completely misses you.
You shoot a sling bullet. The sling bullet hits the ogre.
The ogre is moderately wounded.
The ogre hits you with a +0 giant spiked club!!
Ouch! That really hurt!
You shoot a sling bullet. The sling bullet hits the ogre!
The ogre is severely wounded.
The ogre hits you with a +0 giant spiked club!!
Ouch! That really hurt!
You die...

###.# ....).##
##....# . ##.##
#####.# ##...# #...#
.# ##.# ##...##
##...##.# #.:###...##
........# #.#.#...##
........# #.##...#+
...>....######.#...##
.................###
.....##.######..@..#
..)### .# ##O##..#
...._# . .... ...#
...#.# ###.# #..#
..##.# ####.# #..#
.....# #....# #..
.##..#######.##### #.
.##..##..........#
...# .......(.....##
..#


You could see an ogre.

Vanquished Creatures
  A jelly (D:3)
  3 adders
  2 dart slugs (D:1)
  An orc (D:3)
  4 bats
  7 endoplasms
  5 giant cockroaches
  7 goblins
  5 hobgoblins
  A quokka (D:2)
  3 ball pythons
  2 frilled lizards
  6 kobolds
  9 rats
56 creatures vanquished.

Vanquished Creatures (others)
  A worm (D:2)
1 creature vanquished.

Grand Total: 57 creatures vanquished

Notes
Turn   | Place    | Note
-------+----------+-------------------------------------------
     0 | D:1      | qw the Minotaur Hexslinger began the quest for the Orb.
     0 | D:1      | Reached XP level 1. HP: 16/16 MP: 1/1
     0 | D:1      | 0 ||| qw: Version: 0.3-a-46-gb1f654a
     0 | D:1      | 0 ||| qw: Game counter: 3613
     0 | D:1      | 0 ||| qw: Melee chars always use a shield: true
     0 | D:1      | 0 ||| qw: God list: Okawaru
     0 | D:1      | 0 ||| qw: Allow faded altars: false
     0 | D:1      | 0 ||| qw: Do Orc after clearing Dungeon:15 true
     0 | D:1      | 0 ||| qw: Do second Lair branch before Depths: true
     0 | D:1      | 0 ||| qw: Lair rune preference: random
     0 | D:1      | 0 ||| qw: Goals: Normal
     0 | D:1      | 0 ||| PLANNING D:1-11
    92 | D:1      | HP: 4/16 [kobold/+2 dagger of flaming (2)]
   195 | D:1      | Reached skill level 3 in Ranged Weapons
   195 | D:1      | Reached XP level 2. HP: 23/23 MP: 2/2
   494 | D:1      | Reached XP level 3. HP: 29/29 MP: 3/3
   763 | D:1      | 763 ||| UPGRADING to +0 ring mail.
   773 | D:1      | 773 ||| DROPPING +0 robe.
   774 | D:1      | 774 ||| UPGRADING to ring of see invisible.
   775 | D:1      | 775 ||| DROPPING scroll of poison.
   795 | D:2      | 795 ||| STAIRDANCE
   829 | D:2      | 829 ||| STAIRDANCE
   868 | D:2      | 868 ||| STAIRDANCE
   872 | D:1      | Reached skill level 4 in Ranged Weapons
   919 | D:2      | Reached skill level 1 in Armour
   992 | D:2      | Found a hide-covered altar of Uskayaw.
  1105 | D:2      | Found a faded altar of an unknown god.
  1206 | D:2      | Reached XP level 4. HP: 36/36 MP: 4/4
  1446 | D:2      | 1446 ||| UPGRADING to amulet of the acrobat.
  1451 | D:2      | 1451 ||| READING scroll labelled IVEZEI HOON.
  1452 | D:2      | 1452 ||| READING scroll labelled SEKAUMP FOLAXT.
  1453 | D:2      | 1453 ||| READING scroll labelled URYROCOAHO.
  1458 | D:2      | 1458 ||| READING scroll labelled DOHIB AHYN ULEBRO.
  1485 | D:3      | Found a snail-covered altar of Cheibriados.
  1555 | D:3      | Found a basalt altar of Yredelemnul.
  1558 | D:3      | Found a blossoming altar of Fedhas.
  1684 | D:3      | Reached skill level 5 in Ranged Weapons
  1749 | D:3      | Noticed an ogre
  1752 | D:3      | HP: 8/36 [ogre/+0 giant spiked club (28)]
  1753 | D:3      | Demolished by an ogre

Levels and vault maps discovered:
D:1:      psy_arrival_basics, layout_loops_ring, minmay_crystal_water,
          kennysheep_doodads, kennysheep_small_spiral
D:2:      layout_loops_cross, basic_altar, ebering_ecumenical_altar_webs,
          minmay_misc_feat_five, grunt_ministairs_10, st_stairs_9
D:3:      layout_loops_ring, overflow_temple_1_default, tso_metal_star,
          nicolae_overflow_squiral, guppyfry_early_orc_mine

Skill      XL: |  1  2  3  4 |
---------------+-------------+-----
Ranged Weapons | 3 4 5 |  5.1
Fighting       | 2 |  2.1
Armour         | 1 |  1.0
Dodging        | |  2.1
Spellcasting   | |  1.0
Hexes          | |  2.0

Action                     |  1- 3 |  4- 6 || total
---------------------------+-------+-------++-------
   Fire: Sling             |   119 |    38 ||   157
    Use: Scroll            |       |     4 ||     4
 Armour: Robe              |     4 |       ||     4
         Ring mail         |     8 |    10 ||    18
  Dodge: Dodged            |    51 |    17 ||    68

Table legend:
 A = Non-vault XP
 B = Vault XP
 C = Vault XP percentage of total XP
 D = Non-vault monster count
 E = Vault monster count
 F = Vault count percentage of total count
                 A         B        C        D         E       F
            +---------+---------+-------+---------+---------+-------
      Total |     168 |       7 |   4.0 |      52 |       5 |   8.8
            +---------+---------+-------+---------+---------+-------
        D:1 |      61 |       3 |   4.7 |      27 |       2 |   6.9
        D:2 |      41 |       4 |   8.9 |      15 |       3 |  16.7
        D:3 |      66 |       0 |   0.0 |      10 |       0 |   0.0
            +---------+---------+-------+---------+---------+-------
